 Dungeon Crawl Stone Soup version 0.24-a0-513-g284f782df5 (webtiles) character file.

Game seed: 15966881071399475741

40 KristoblXynda the Cudgeler (level 3, -1/36 HPs)
             Began as an Ogre Gladiator on July 20, 2019.
             Slain by a hobgoblin
             ... wielding a +0 club
             ... led by Robin
              (7 damage)
             ... on level 2 of the Dungeon.
             The game lasted 00:02:21 (1602 turns).

KristoblXynda the Cudgeler (Ogre Gladiator)         Turns: 1602, Time: 00:02:22

Health: -1/36      AC:  3    Str: 18    XL:     3   Next: 50%
Magic:  3/3        EV: 11    Int: 10    God:
Gold:   45         SH:  0    Dex: 12    Spells: 2/2 levels left

rFire    . . .     SeeInvis .   a - +0 flail
rCold    . . .     Gourm    .   (no shield)
rNeg     . . .     Faith    .   b - +0 robe
rPois    .         Spirit   .   c - +0 hat
rElec    .         Reflect  .   (no cloak)
rCorr    .         Harm     .   (gloves unavailable)
MR       .....                  (boots unavailable)
Stlth    +.........             (no amulet)
HPRegen  0.52/turn              (no ring)
MPRegen  0.08/turn              (no ring)

@: flying, hasted, very quick
A: large, unfitting armour, hooves 1, agile 1, regeneration 1, tough skin 1
a: no special abilities


You were on level 2 of the Dungeon.
You were very hungry.

You visited 1 branch of the dungeon, and saw 2 of its levels.

You collected 45 gold pieces.

Inventory:

Hand Weapons
 a - a +0 flail (weapon)
Missiles
 d - 3 throwing nets (quivered)
Armour
 b - a +0 robe (worn)
 c - a +0 hat (worn)
Scrolls
 i - a scroll of remove curse {unknown}
 j - a scroll of enchant weapon {unknown}
 m - a scroll of identify {unknown}
 n - a scroll of enchant armour {unknown}
Comestibles
 f - a ration


   Skills:
 - Level 2.6 Fighting
 * Level 3.4 Maces & Flails
 + Level 2.4 Throwing
 + Level 3.0 Dodging


You had 2 spell levels left.
You didn't know any spells.
Your spell library contained the following spells:

 Spells                   Type           Power        Failure   Level  Hunger
 Beastly Appendage        Tmut           #.....       36%         1    ##.....
 Sticks to Snakes         Tmut           #.......     50%         2    ###....
 Spider Form              Tmut/Pois      #.........   75%         3    ####...
 Ice Form                 Ice/Tmut       #.......     98%         4    #####..
 Blade Hands              Tmut           #.........   100%        5    ######.


Dungeon Overview and Level Annotations

Branches:
Dungeon (2/15)

Altars:

Annotations:
D:2 Robin


Innate Abilities, Weirdness & Mutations

You are too large for most types of armour.
You have tough skin. (AC +1)
You have large cloven feet.
You are agile. (Dex +2)
Your natural rate of healing is unusually fast.


Message History

You kill the goblin!
The hobgoblin hits you with a +0 club. Robin throws the goblin at you!
The hobgoblin hits you with a +0 club!
You hit the goblin.
You kill the goblin!
The goblin no longer looks unusually strong.
The hobgoblin closely misses you.
Robin zaps a wand.
The puff of flame hits you!
* * * LOW HITPOINT WARNING * * *
The goblin wields a +0 hunting sling.
The goblin shoots a stone.
The stone misses you. The hobgoblin closely misses you.
Items here: ( )) †† a stone; a +0 club; a +0 dagger; a goblin corpse x2
Robin throws the goblin at you!
* * * LOW HITPOINT WARNING * * *
You closely miss the goblin.
The goblin no longer looks unusually strong.
The goblin barely misses you. Robin throws the goblin at you!
The hobgoblin hits you with a +0 club!
You die...

#.# .###.#
.?##.# ..##.#
#.##.# #.##.#
# #.##.#
.####.##g##g#
.......ggg@g#
#.###.##.####
.. #.# ..#
#.# .. #.# .
..# ###


You could see Robin, 2 hobgoblins and 3 goblins.

Vanquished Creatures
  A leopard gecko (D:1)
  3 giant cockroaches (D:1)
  8 goblins
  6 hobgoblins
  3 jackals (D:1)
  6 frilled lizards (D:1)
  2 kobolds (D:1)
  7 rats (D:1)
36 creatures vanquished.

Notes
Turn   | Place    | Note
-------+----------+-------------------------------------------
     0 | D:1      | KristoblXynda the Ogre Gladiator began the quest for the
                  | Orb.
     0 | D:1      | Reached XP level 1. HP: 22/22 MP: 1/1
   290 | D:1      | Reached XP level 2. HP: 27/29 MP: 2/2
   933 | D:1      | Reached XP level 3. HP: 26/36 MP: 3/3
  1584 | D:2      | Noticed Robin
  1592 | D:2      | Gained mutation: You are agile. (Dex +2) [potion of
                  | mutation]
  1592 | D:2      | Gained mutation: You have large cloven feet. [potion of
                  | mutation]
  1592 | D:2      | Gained mutation: Your natural rate of healing is unusually
                  | fast. [potion of mutation]
  1592 | D:2      | HP: 1/36 [hobgoblin/+0 club[Robin] (5)]
  1602 | D:2      | Slain by a hobgoblin

Levels and vault maps discovered:
D:1:      psy_arrival_terrarium, layout_loops_ring, serial_forest,
          infiniplex_forest_zigzag_1, infiniplex_forest_zigzag_2,
          infiniplex_forest_lined_corner, infiniplex_forest_lined_1,
          infiniplex_forest_straight_2, infiniplex_forest_end_double,
          minmay_lizard_pond
D:2:      layout_loops_ring, nicolae_tso_swordbearing_angel, first_ration,
          uniq_jessica, uniq_robin

Skill      XL: |  1  2 |
---------------+-------+-----
Maces & Flails | 3 |  3.4
Dodging        | 3 |  3.0
Fighting       | |  2.6
Throwing       | |  2.4

Action                   || total
-------------------------++-------
Melee: Flail             ||   144
  Use: Potion            ||     6
  Eat: Chunk             ||     1
Armor: Robe              ||    48
Dodge: Dodged            ||    83

Table legend:
 A = Non-vault XP
 B = Vault XP
 C = Vault XP percentage of total XP
 D = Non-vault monster count
 E = Vault monster count
 F = Vault count percentage of total count
                 A         B        C        D         E       F
            +---------+---------+-------+---------+---------+-------
      Total |      44 |      14 |  24.1 |      26 |      10 |  27.8
            +---------+---------+-------+---------+---------+-------
        D:1 |      44 |       5 |  10.2 |      26 |       5 |  16.1
        D:2 |       0 |       9 | 100.0 |       0 |       5 | 100.0
            +---------+---------+-------+---------+---------+-------
